 Dungeon Crawl Stone Soup version 0.24.0-125-gc4c63601f3 (webtiles) character file.

Game seed: 10272071656650137152, levelgen mode: deterministic

37 Amplified the Charlatan (level 3, -2/27 HPs)
             Began as a Mummy Artificer on Mar 6, 2020.
             Killed themself with a badly aimed iceblast (11 damage)
             ... on level 2 of the Dungeon.
             The game lasted 00:02:09 (1028 turns).

Amplified the Charlatan (Mummy Artificer)           Turns: 1028, Time: 00:02:09

Health: -2/27      AC:  3    Str: 16    XL:     3   Next: 23%
Magic:  5/5        EV: 11    Int: 10    God:
Gold:   54         SH:  0    Dex: 12    Spells: 4/4 levels left

rFire    x x .     SeeInvis .   f - +0 spear
rCold    + + .     Gourm    .   (no shield)
rNeg     + + +     Faith    .   b - +0 leather armour
rPois    ∞         Spirit   .   (no helmet)
rElec    .         Reflect  .   (no cloak)
rCorr    .         Harm     .   (no gloves)
MR       .....                  (no boots)
Stlth    +.........             (no amulet)
HPRegen  0.09/turn              i - ring of ice (curse)
MPRegen  0.09/turn              (no ring)

@: no status effects
A: no food or potions, fire vulnerability, cold resistance 1, negative energy
resistance 3, torment resistance, unbreathing
a: no special abilities


You were on level 2 of the Dungeon.
You were not hungry.

You visited 1 branch of the dungeon, and saw 2 of its levels.

You collected 54 gold pieces.

Inventory:

Hand Weapons
 a - a +0 short sword
 f - a +0 spear (weapon)
Missiles
 g - 6 stones (quivered)
 h - 13 sling bullets
Armour
 b - a +0 leather armour (worn)
Jewellery
 i - a cursed ring of ice (left hand)
Wands
 c - a wand of flame (10)
 d - a wand of enslavement (15)
 e - a wand of random effects (13)
Scrolls
 j - a scroll of teleportation
 k - a scroll of immolation {unknown}


   Skills:
 * Level 1.9 Fighting
 - Level 0.7 Short Blades
 * Level 1.0 Polearms
 - Level 1.5 Dodging
 - Level 0.7 Stealth
 + Level 1.4 Spellcasting
 + Level 2.6 Evocations


You had 4 spell levels left.
You didn't know any spells.
Your spell library was empty.

Dungeon Overview and Level Annotations

Branches:
Dungeon (2/15)

Altars:


Innate Abilities, Weirdness & Mutations

You do not eat or drink.
Your flesh is vulnerable to fire.
You are immune to poison.
Your flesh is cold resistant. (rC+)
You are immune to negative energy. (rN+++)
You are immune to unholy pain and torment.
You can survive without breathing.


Message History

Aiming: Throw Flame
Press: ? - help, Shift-Dir - straight line The puff of flame hits something.
Something bites you. x2
Evoke which item? (* to show all) (? for menu, Esc to quit)
Aiming: Random Effects
Press: ? - help, Shift-Dir - straight line Nothing appears to happen.
Something bites you.
Your leather armour prevents you from hitting something.
Something bites you.
You completely miss something. Something bites you but does no damage.
Something bites you.
Evoke which item? (* to show all) (? for menu, Esc to quit)
Aiming: Random Effects
Press: ? - help, Shift-Dir - straight line The mass of ice explodes!
The iceblast engulfs something!
Reactivating autopickup.
Your Polearms skill increases to level 1!
You feel a bit more experienced. The iceblast engulfs you!
You partially resist.
You die...

### #.. #)#
#.# #.# #<#
#.#
.######.#####
..........@.#
...####.###†#
##...##...
#.....#####
##...## ##.##
#. #.# #S #.#
.. ##'##


There were no monsters in sight!

Vanquished Creatures
  An adder (D:2)
  3 dart slugs (D:1)
  A leopard gecko (D:1)
  2 giant cockroaches (D:1)
  3 hobgoblins (D:1)
  3 kobolds (D:1)
  4 bats (D:1)
  3 goblins
  2 rats (D:1)
22 creatures vanquished.

Notes
Turn   | Place    | Note
-------+----------+-------------------------------------------
     0 | D:1      | Amplified the Mummy Artificer began the quest for the Orb.
     0 | D:1      | Reached XP level 1. HP: 15/15 MP: 2/2
   418 | D:1      | Reached XP level 2. HP: 21/21 MP: 3/3
   478 | D:1      | Reached skill level 1 in Spellcasting
   841 | D:1      | Reached XP level 3. HP: 20/27 MP: 3/5
  1028 | D:2      | Reached skill level 1 in Polearms
  1028 | D:2      | Killed themself with a badly aimed iceblast

Levels and vault maps discovered:
D:1:      ncdulo_smallfort, layout_basic, moated_statue, nrook_loot_triangle
D:2:      minmay_alternating_diamond, layout_loops_corners,
          nicolae_overflow_hidden_temple, serial_rivers,
          chequers_serial_rivers_room_a, chequers_serial_rivers_small_a,
          chequers_serial_rivers_marsh, chequers_serial_rivers_micro_a,
          chequers_serial_rivers_small_a, chequers_serial_rivers_small_3

Skill      XL: |  1  2  3 |
---------------+----------+-----
Spellcasting   | 1 |  1.4
Polearms       | 1 |  1.0
Fighting       | |  1.9
Short Blades   | |  0.7
Dodging        | |  1.5
Stealth        | |  0.7
Evocations     | |  2.6

Action                   || total
-------------------------++-------
Melee: Spear             ||    90
Evoke: Wand              ||     7
  Use: Scroll            ||     1
Armor: Leather armour    ||    29
Dodge: Dodged            ||    40
